 Dungeon Crawl Stone Soup version 0.31-a0-1576-ga3383bade6 (webtiles) character file.

Game seed: 1781710699030685307

7156 yokelz the Jinx (level 11, -3/86 HPs)
             Began as a Formicid Hexslinger on Jan 4, 2024.
             Was an Initiate of Gozag.
             Slain by an orc
             ... wielding a +0 flail
              (5 damage)
             ... on level 9 of the Dungeon.
             The game lasted 00:25:19 (10290 turns).

yokelz the Jinx (Formicid Hexslinger)              Turns: 10290, Time: 00:25:19

Health: -3/86      AC: 11    Str: 13    XL:     11   Next: 32%
Magic:  5/15       EV: 11    Int: 17    God:    Gozag
Gold:   1352       SH:  0    Dex: 16    Spells: 10/16 levels left

rFire   . . .        h - +4 scimitar
rCold   + . .        (no shield)
rNeg    . . .        q - +0 ring mail
rPois   .            (helmet unavailable)
rElec   .            (no cloak)
rCorr   .            y - +1 pair of gloves {infuse}
SInv    +            (no boots)
Will    .....        k - amulet of the acrobat
Stlth   ++           i - +4 ring of protection
HPRegen 0.34/turn    M - ring of protection from cold
MPRegen 0.14/turn

%: acrobat, infuse magic (1 MP)
@: lethally poisoned (-3 -> -5), weak-willed, gold aura
A: permanent stasis, dig shafts and tunnels, antennae 3, four strong arms
a: Dig, Shaft Self, Renounce Religion, Potion Petition, Call Merchant, Bribe
Branch


You were on level 9 of the Dungeon.
You worshipped Gozag.
Gozag was most pleased with you.
You visited 2 branches of the dungeon, and saw 10 of its levels.

You collected 1473 gold pieces.
You paid 121 gold pieces to Gozag.

Inventory:

Hand Weapons
 a - a +1 sling
 h - a +4 scimitar (weapon)
 H - a +0 falchion
 I - a +0 giant spiked club
Missiles
 p - 14 poisoned darts
 z - 3 silver javelins
 Q - a curare-tipped dart
Armour
 c - a +0 robe
 q - a +0 ring mail (worn)
 y - a +1 pair of gloves of infusion (worn)
Magical Staves
 P - a staff of conjuration
Jewellery
 e - a ring of positive energy
 i - a +4 ring of protection (left hand)
 k - an amulet of the acrobat (around neck)
 C - a +6 ring of dexterity
 E - a ring of fire
 M - a ring of protection from cold (right hand)
Wands
 o - a wand of roots (4)
 B - a wand of paralysis (6)
 D - a wand of digging (6)
 F - a wand of flame (15)
 S - a wand of light (7)
Scrolls
 b - 3 scrolls of poison
 d - a scroll of acquirement {unknown}
 j - a scroll of blinking {unknown}
 n - 3 scrolls of vulnerability
 t - a scroll of teleportation
 u - a scroll of fear
 x - a scroll of immolation
 A - 2 scrolls of enchant weapon
 G - a scroll of fog
 K - a scroll of revelation {unknown}
 N - a scroll of noise {unknown}
 R - a scroll of amnesia {unknown}
Potions
 f - 3 potions of might
 g - a potion of resistance
 l - 3 potions of enlightenment
 m - 4 potions of lignification
 r - 2 potions of haste
 s - a potion of curing
 v - 2 potions of magic
 w - 3 potions of brilliance
 J - a potion of attraction
 O - a potion of mutation


   Skills:
 * Level 7.8 Fighting
 - Level 9.3 Long Blades
 - Level 0.1 Polearms
 - Level 2.0 Ranged Weapons
 - Level 1.7 Dodging
 - Level 4.0 Stealth
 - Level 3.2 Spellcasting
 - Level 2.5 Conjurations
 - Level 9.4 Hexes
 - Level 1.0 Fire Magic
 * Level 9.2 Earth Magic


You had 10 spell levels left.
You knew the following spells:

 Your Spells              Type           Power      Damage    Failure   Level
a - Stone Arrow           Conj/Erth      44%        3d9       10%         3
b - Magic Dart            Conj           44%        1d5       13%         1
c - Jinxbite              Hex            70%        N/A       1%          2

Your spell library contained the following spells:

 Spells                   Type           Power      Damage    Failure   Level
 Sandblast                Erth           68%        2d15      1%          1
 Passwall                 Erth           34%        N/A       2%          3
 Sigil of Binding         Hex            35%        N/A       2%          3
 Cause Fear               Hex            17%        N/A       8%          4
 Inner Flame              Hex/Fire       20%        N/A       13%         3
 Brom's Barrelling Bould  Conj/Erth      22%        2d4       32%         4
 Dimensional Bullseye     Hex/Tloc       9%         N/A       47%         4
 Call Imp                 Summ           4%         N/A       50%         2
 Blink                    Tloc           Unusable   N/A       N/A         2

Dungeon Overview and Level Annotations

Branches:
Dungeon (9/15)             Temple (1/1) D:5             Orc (0/2) D:9
   Lair: D:8-11

Altars:
Ashenzari
Cheibriados
Dithmenos
Elyvilon
Fedhas
Gozag
Hepliaklqana
Kikubaaqudgha
Makhleb
Nemelex Xobeh
Okawaru
Ru
Sif Muna
Trog
Uskayaw
Vehumet
Wu Jian
Xom
Yredelemnul
Zin
The Shining One

Shops:
D:1 [

Annotations:
D:4 exclusion: downstairs


Innate Abilities, Weirdness & Mutations

You cannot be hasted, slowed, berserked, paralysed or teleported.
You can dig through walls and to a lower floor.
You have a pair of large antennae on your head. (SInv)
Your four strong arms can wield two-handed weapons with a shield.


Message History

The orc hits you but does no damage.
You hit the orc warrior.
The orc warrior is almost dead.
A giggling sprite leaps out and doodles on the orc warrior's face.
You kill the orc warrior!
You feel sick. The orc misses you. The orc hits you but does no damage.
The orc warrior unwields a +0 arbalest.
The orc warrior wields a +0 glaive.
The orc warrior closely misses you. The orc hits you with a +0 short sword.
* * * LOW HITPOINT WARNING * * *
You hit the orc warrior.
The orc warrior is lightly wounded.
You feel sick. The orc hits you with a +0 flail.
* * * LOW HITPOINT WARNING * * *
The orc hits you but does no damage. The orc closely misses you.
You slash the orc warrior!
The orc warrior is moderately wounded.
A giggling sprite leaps out and makes the orc warrior trip over its own feet.
The orc warrior is severely wounded.
You feel sick. The orc warrior barely misses you. The orc closely misses you.
The orc is distracted by your dazzling golden aura.
The orc shouts!
You hit the orc warrior.
The orc warrior is severely wounded.
A giggling sprite leaps out and doodles on the orc warrior's face.
The orc warrior is almost dead.
The jinxing sprites lose interest in you.
You feel sick. The orc closely misses you. The orc warrior closely misses you.
The orc hits you but does no damage.
You closely miss the orc warrior.
The orc warrior is almost dead.
You feel sick.
The orc is no longer distracted by gold.
The orc barely misses you.
The orc warrior hits you with a +0 glaive.
* * * LOW HITPOINT WARNING * * *
The orc hits you with a +0 hand axe.
* * * LOW HITPOINT WARNING * * *
The orc hits you with a +0 flail.
You die...
Your body crumbles into a pile of gold.

.....#..# {o.o8....{..{{........#
.....#..# ..o'.....#####.......#
.[...#..# ⌠oo8.....# #o.......
.....##'#.....#.....# #o.......
........#.... #.....# #........
........#>._.8#.....#####........
........#.....#.o........)....[..
..(.....#.....#ooo...............
........#..⌠..8o@oo..............
.....####.....'..$...##'#######..
.....# #.....8.$....#........#..
.....# #.....#......#........#..
.....# #######......#........##{
.....# #......###...o....o .....#
#........#......... .....# ...#
#........#......... .....#
...##..#........#.........


You could see an orc warrior (very drained) and 6 orcs.

Vanquished Creatures
  A two-headed ogre (D:7)
  Jeremiah (D:8)
  A troll (D:8)
  Grinder (D:5)
  A hornet (D:7)
  Eustachio (D:5)
  3 wyverns
  5 yaks (D:8)
  Menkaure (D:5)
  4 water moccasins
  5 orc warriors
  2 sky beasts
  2 ice beasts
  3 black bears
  7 centaurs
  An ogre (D:6)
  A phantom (D:6)
  2 kobold brigands (D:8)
  4 bullfrogs
  3 scorpions
  5 wights
  9 killer bees
  A howler monkey (D:4)
  8 hounds
  4 orc priests
  5 iguanas
  4 orc wizards
  A mummy (D:7)
  3 gnolls
  7 adders
  A shadow imp (D:6)
  2 white imps (D:7)
  2 ufetubi (D:7)
  25 orcs
  9 ball pythons
  7 bats
  9 endoplasms
  5 giant cockroaches
  2 goblins
  6 hobgoblins
  16 kobolds
  9 quokkas
  3 frilled lizards
  A kobold zombie (D:7)
  An orc zombie (D:7)
  5 rats
199 creatures vanquished.

Notes
Turn   | Place    | Note
-------+----------+-------------------------------------------
     0 | D:1      | yokelz the Formicid Hexslinger began the quest for the Orb.
     0 | D:1      | Reached XP level 1. HP: 15/15 MP: 2/2
   117 | D:1      | Reached skill level 1 in Stealth
   125 | D:1      | Reached XP level 2. HP: 21/21 MP: 3/3
   323 | D:1      | Found Figump's Armour Emporium.
   346 | D:1      | Reached XP level 3. HP: 26/26 MP: 4/4
  1004 | D:2      | Found a burning altar of Makhleb.
  1132 | D:2      | Learned a level 3 spell: Stone Arrow
  1222 | D:3      | Reached XP level 4. HP: 28/32 MP: 5/5
  1284 | D:3      | Found a faded altar of an unknown god.
  1415 | D:3      | Reached skill level 1 in Earth Magic
  1599 | D:3      | Reached skill level 1 in Conjurations
  1755 | D:3      | Reached XP level 5. HP: 13/37 MP: 0/7
  2715 | D:4      | Reached XP level 6. HP: 40/43 MP: 0/9
  2889 | D:4      | Learned a level 1 spell: Magic Dart
  3564 | D:5      | Entered Level 5 of the Dungeon
  3564 | D:5      | Noticed Eustachio
  3737 | D:4      | Reached skill level 1 in Long Blades
  3737 | D:4      | Reached XP level 7. HP: 30/45 MP: 7/11
  4107 | D:5      | Killed Eustachio
  4108 | D:5      | Reached skill level 5 in Long Blades
  4108 | D:5      | Reached XP level 8. HP: 37/54 MP: 8/12
  4207 | D:5      | Found a staircase to the Ecumenical Temple.
  4213 | Temple   | Entered the Ecumenical Temple
  4217 | Temple   | Learned a level 2 spell: Jinxbite
  4222 | Temple   | Became a worshipper of Gozag Ym Sagoz the Greedy
  4301 | D:5      | Noticed Grinder
  4315 | D:5      | Killed Grinder
  4576 | D:5      | Noticed Menkaure
  4586 | D:5      | Killed Menkaure
  4885 | D:6      | Reached XP level 9. HP: 11/59 MP: 8/13
  5365 | D:6      | Reached skill level 5 in Hexes
  6108 | D:7      | Found a bloodstained altar of Trog.
  6267 | D:7      | Noticed a hornet
  6305 | D:7      | Killed a hornet
  6306 | D:7      | Reached XP level 10. HP: 10/65 MP: 7/14
  6749 | D:7      | Noticed a two-headed ogre
  6758 | D:7      | Killed a two-headed ogre
  6759 | D:7      | Reached skill level 5 in Earth Magic
  7586 | D:8      | Noticed Jeremiah
  7816 | D:8      | Killed Jeremiah
  7817 | D:8      | Reached skill level 5 in Fighting
  8170 | D:8      | Reached XP level 11. HP: 79/81 MP: 11/15
  8902 | D:9      | Found a snail-covered altar of Cheibriados.
  9687 | D:9      | Noticed a +0 dagger
  9687 | D:9      | Noticed a +0 dagger
  9690 | D:9      | Found a hide-covered altar of Uskayaw.
  9714 | D:9      | HP: 1/84 [killer bee (7)]
 10271 | D:9      | Found a staircase to the Orcish Mines.
 10290 | D:9      | HP: 3/86 [orc warrior/+0 glaive (6)]
 10290 | D:9      | Slain by an orc

Illustrated notes

Levels and vault maps discovered:
D:1:      dpeg_arrival_round_c, layout_basic, serial_shops,
          nicolae_shop_tiny_statue_garden, serial_bayou_lagoon_a
D:2:      layout_basic, basic_altar, minmay_octomino_j4
D:3:      minmay_skewed_foursquare, layout_basic,
          hellmonk_ecumenical_altar_lost_god, minivault_11
D:4:      layout_cave_pods
D:5:      layout_basic, minmay_temple_entry_hall, uniq_grinder, uniq_menkaure,
          uniq_eustachio
D:6:      layout_loops_ring, serial_bayou_lake_a
D:7:      layout_basic, trog_ov_bears_minmay, nicolae_ossuary_entry_giza
D:8:      layout_loops_cross, grunt_ministairs_3, uniq_jeremiah
D:9:      layout_irregular_city, lemuel_crystal_altar, dancing_weapons_uskayaw,
          david_orc_5
Temple:   eino_narrow_crystal_temple

Skill      XL: |  1  2  3  4  5  6  7  8  9 10 11 |
---------------+----------------------------------+-----
Stealth        | 2 3 4 |  4.0
Earth Magic    | 1 2 3 7 9 |  9.2
Conjurations   | 1 2 |  2.5
Spellcasting   | 2 3 |  3.2
Long Blades    | 1 5 8 9 |  9.3
Hexes          | 8 9 |  9.4
Fighting       | 6 7 |  7.8
Polearms       | |  0.1
Ranged Weapons | |  2.0
Dodging        | |  1.7
Fire Magic     | |  1.0

Action                     |  1- 3 |  4- 6 |  7- 9 | 10-12 || total
---------------------------+-------+-------+-------+-------++-------
  Melee: Spear             |    84 |   190 |       |       ||   274
         Punch             |       |     4 |     6 |     3 ||    13
         Falchion          |       |     8 |       |       ||     8
         Scimitar          |       |       |   176 |   233 ||   409
   Fire: Sling             |    53 |       |       |       ||    53
   Cast: Jinxbite          |       |       |     8 |     7 ||    15
         Magic Dart        |       |       |     1 |       ||     1
         Stone Arrow       |       |       |       |     3 ||     3
    Use: Potion            |       |       |     2 |     4 ||     6
         Scroll            |       |       |    10 |     5 ||    15
   Stab: Sleeping          |     7 |     3 |       |     3 ||    13
         Distracted        |       |       |     1 |     4 ||     5
 Armour: Robe              |    36 |       |       |       ||    36
         Ring mail         |    20 |   143 |   201 |   205 ||   569
  Dodge: Dodged            |    63 |   119 |   117 |   242 ||   541

Table legend: (Time is in decaauts)
 A = Elapsed time spent in this place.
 B = Non-inter-level travel time spent in this place.
 C = Inter-level travel time spent in this place.
 D = Time resting spent in this place.
 E = Time spent auto-exploring this place.
 F = Levels seen in this place.
 G = Mean time per level.
                   A        B        C        D        E       F      G
               +--------+--------+--------+--------+--------+-----+--------+
         Total |  10334 |  10020 |    314 |   2518 |   5327 |  10 | 1033.4 |
       Dungeon |  10316 |  10009 |    307 |   2518 |   5327 |   9 | 1146.2 |
        Temple |     17 |     10 |      7 |      0 |      0 |   1 |   17.0 |
               +--------+--------+--------+--------+--------+-----+--------+

Top non-repeatable levels by time:
     D:8: 1672 daAuts
     D:7: 1624 daAuts
     D:4: 1452 daAuts
     D:5: 1096 daAuts
     D:9: 1068 daAuts
     D:3: 1035 daAuts
     D:6: 1034 daAuts
     D:1: 762 daAuts
     D:2: 571 daAuts
  Temple: 17 daAuts
